 Dungeon Crawl Stone Soup version 0.24-a0-408-gcc1054c7ca (webtiles) character file.

Game seed: 4286041590041613218

4 MisterFreud the Firebug (level 1, -3/11 HPs)
             Began as an Octopode Fire Elementalist on June 5, 2019.
             Slain by a kobold
             ... wielding a +0 short sword
              (6 damage)
             ... on level 1 of the Dungeon.
             The game lasted 00:00:39 (541 turns).

MisterFreud the Firebug (Octopode Fire Elementalist) Turns: 541, Time: 00:00:39

Health: -3/11      AC:  1    Str:  7    XL:     1   Next: 70%
Magic:  3/3        EV: 13    Int: 17    God:
Gold:   39         SH:  0    Dex: 12    Spells: 3/4 levels left

rFire    . . .     SeeInvis .   f - +1 short sword (vamp)
rCold    . . .     Gourm    .   (no shield)
rNeg     . . .     Faith    .   (helmet restricted)
rPois    .         Spirit   .   (no amulet)
rElec    .         Reflect  .   (no ring)
rCorr    .         Harm     .   (no ring)
MR       .....                  (no ring)
Stlth    +++.......             (no ring)
HPRegen  0.03/turn              (no ring)
MPRegen  0.08/turn              (no ring)
                                (no ring)
                                (no ring)

@: no status effects
A: almost no armour, stealthy swim, amphibious, 8 rings, constrict 8, camouflage
1, gelatinous body 1
a: no special abilities


You were on level 1 of the Dungeon.
You were not hungry.

You visited 1 branch of the dungeon, and saw 1 of its levels.

You collected 39 gold pieces.

Inventory:

Hand Weapons
 f - a +1 vampiric short sword (weapon)
Missiles
 a - 28 stones (quivered)
 d - 45 arrows
 g - 25 bolts
Scrolls
 e - a scroll of identify {unknown}
Comestibles
 b - a ration


   Skills:
 - Level 2.0 Dodging
 - Level 2.6 Stealth
 - Level 2.0 Spellcasting
 + Level 1.7 Conjurations
 - Level 3.0 Fire Magic


You had 3 spell levels left.
You knew the following spells:

 Your Spells              Type           Power        Failure   Level  Hunger
a - Flame Tongue          Conj/Fire      #....        8%          1    #......

Your spell library contained the following spells:

 Spells                   Type           Power        Failure   Level  Hunger
 Throw Flame              Conj/Fire      #.....       11%         2    ###....
 Conjure Flame            Conj/Fire      #.......     22%         3    ###....
 Inner Flame              Hex/Fire       #.......     30%         3    ###....
 Sticky Flame             Conj/Fire      #.......     58%         4    #####..
 Fireball                 Conj/Fire      #.........   90%         5    ######.


Dungeon Overview and Level Annotations

Branches:
Dungeon (1/15)

Altars:


Innate Abilities, Weirdness & Mutations

You cannot wear most types of armour.
You are very stealthy in the water. (Stealth+)
You are amphibious.
You can wear up to eight rings at the same time.
You can use your tentacles to constrict eight enemies at once.
Your skin changes colour to match your surroundings (Stealth+).
Your rubbery body absorbs attacks. (AC +1, EV +1)


Message History

The kobold throws a stone.
The stone closely misses you.
The kobold throws a stone.
The stone hits you.
You see here a stone.
A kobold comes into view.
The kobold throws a stone.
The stone closely misses you.
The kobold throws a stone.
The stone closely misses you.
You see here a stone.
A kobold comes into view. It is wielding a +0 short sword.
The kobold throws a stone.
The stone closely misses you.
The kobold throws a stone.
The stone hits you but does no damage.
Found 14 gold pieces and 20 bolts.
You see here 2 stones.
The kobold throws a stone.
The stone closely misses you.
The kobold hits you with a +0 short sword.
Ouch! That really hurt!
* * * LOW HITPOINT WARNING * * *
You miss the kobold. Your grab misses the kobold. The kobold barely misses you.
The kobold hits you with a +0 short sword.
Ouch! That really hurt!
You die...

### ... #.###
##################....$
............(((!...>#
##.############(....#
#.# ##.KK..# ##.##
#K.K..## ....# #.#@#.#
....# #.#.#... ....#
#(#.. ... ....#
#.#####.#.# ....# #. .#
# ....# ## # ....#
....# ##.##


You could see 4 kobolds.

Vanquished Creatures
  A giant cockroach (D:1)
  A goblin (D:1)
  A hobgoblin (D:1)
  A kobold (D:1)
4 creatures vanquished.

Notes
Turn   | Place    | Note
-------+----------+-------------------------------------------
     0 | D:1      | MisterFreud the Octopode Fire Elementalist began the quest
                  | for the Orb.
     0 | D:1      | Reached XP level 1. HP: 11/11 MP: 3/3
   541 | D:1      | Slain by a kobold

Levels and vault maps discovered:
D:1:      evilmike_arrival_rings, layout_basic

Action                   || total
-------------------------++-------
Melee: Unarmed           ||    10
       Tentacles         ||     4
       Constrict         ||     3
       Short sword       ||     2
 Stab: Sleeping          ||     3
Dodge: Dodged            ||    13

Table legend:
 A = Non-vault XP
 B = Vault XP
 C = Vault XP percentage of total XP
 D = Non-vault monster count
 E = Vault monster count
 F = Vault count percentage of total count
                 A         B        C        D         E       F
            +---------+---------+-------+---------+---------+-------
      Total |       7 |       0 |   0.0 |       4 |       0 |   0.0
            +---------+---------+-------+---------+---------+-------
        D:1 |       7 |       0 |   0.0 |       4 |       0 |   0.0
            +---------+---------+-------+---------+---------+-------
